 Dungeon Crawl Stone Soup version 0.31-a0-192-ga50d7bf3bb (webtiles) character file.

Game seed: 5584791768209558319

1675 qw the Skirmisher (level 8, 0/46 HPs)
             Began as a Deep Elf Hunter on June 23, 2023.
             Was an Initiate of Okawaru.
             Slain by an orc warrior
             ... wielding a +0 trident
              (11 damage)
             ... on level 7 of the Dungeon.
             The game lasted 00:02:13 (5202 turns).

qw the Skirmisher (Deep Elf Hunter)                 Turns: 5202, Time: 00:02:13

Health: 0/46       AC: 18    Str: 10    XL:     8   Next: 70%
Magic:  7/11       EV: 12    Int: 15    God:    Okawaru [......]
Gold:   295        SH:  0    Dex: 18    Spells: 7/7 levels left

rFire   . . .        Y - +1 shortbow (flame)
rCold   . . .        (shield currently unavailable)
rNeg    + . .        k - +4 scale mail
rPois   .            f - +2 helmet
rElec   .            (no cloak)
rCorr   .            p - +0 pair of gloves
SInv    .            d - +1 pair of boots
Will    .....        h - amulet of faith
Stlth   ++           o - ring of positive energy
HPRegen 0.27/turn    (no ring)
MPRegen 0.12/turn

%: faith
@: about to teleport, heroic
A: no striking features
a: Renounce Religion


You were on level 7 of the Dungeon.
You worshipped Okawaru.
Okawaru was noncommittal.
You visited 2 branches of the dungeon, and saw 8 of its levels.

You collected 373 gold pieces.
You spent 78 gold pieces at shops.


   Skills:
 - Level 3.0(8.0) Fighting
 + Level 13.3(18.3) Ranged Weapons
 - Level 2.1(7.1) Armour
 - Level 4.1(9.1) Dodging
 - Level 1.2(6.2) Stealth
 - Level 2.1 Invocations


You had 7 spell levels left.
You didn't know any spells.
Your spell library was empty.

Inventory:

Hand Weapons
 Y - a +1 shortbow of flaming (weapon)
Armour
 d - a +1 pair of boots (worn)
 f - a +2 helmet (worn)
 k - a +4 scale mail (worn)
 p - a +0 pair of gloves (worn)
Jewellery
 b - an amulet of the acrobat
 h - an amulet of faith (around neck)
 o - a ring of positive energy (left hand)
Wands
 r - a wand of digging (3)
Scrolls
 a - a scroll of identify
Potions
 c - 4 potions of might
 e - 2 potions of curing
 g - a potion of haste
 l - a potion of mutation {unknown}
 m - a potion of cancellation {unknown}
 n - a potion of resistance {unknown}

Dungeon Overview and Level Annotations

Branches:
Dungeon (7/15)             Temple (1/1) D:5

Altars:
Ashenzari
Cheibriados
Dithmenos
Elyvilon
Fedhas
Gozag
Hepliaklqana
Kikubaaqudgha
Makhleb
Nemelex Xobeh
Okawaru
Qazlal
Ru
Trog
Uskayaw
Vehumet
Wu Jian
Xom
Yredelemnul
Zin
The Shining One

Shops:
D:1 :   D:3 !

Portals:
Ossuary: D:6


Message History

The gnoll misses you. The gnoll hits you with a +0 flail.
You shoot an arrow. The arrow hits the gnoll.
The arrow burns the gnoll.
The gnoll is heavily wounded.
You feel like a meek peon again.
The orc warrior hits you from afar with a +0 trident.
The orc hits you but does no damage. The gnoll barely misses you.
The gnoll hits you but does no damage.
5197 ||| INVOKING Heroism.
You gain the combat prowess of a mighty hero.
You can no longer gain great but temporary skills.
The orc warrior hits you from afar with a +0 trident.
The orc barely misses you. The gnoll closely misses you. x2
5198 ||| READING scroll of teleportation.
As you read the scroll of teleportation, it crumbles to dust.
You feel strangely unstable.
The orc warrior hits you but does no damage.
The orc hits you but does no damage. The gnoll barely misses you.
The gnoll misses you.
You shoot an arrow. The arrow hits the gnoll.
The arrow burns the gnoll.
The gnoll is almost dead.
The orc wizard gestures wildly while chanting.
The orc wizard flickers and vanishes!
Deactivating autopickup; reactivate with Ctrl-A.
The orc warrior barely misses you. The orc hits you but does no damage.
The gnoll hits you but does no damage. The gnoll closely misses you.
You shoot an arrow. The arrow hits the gnoll.
The arrow burns the gnoll.
You kill the gnoll!
Okawaru accepts your kill. The orc hits you but does no damage.
The orc warrior barely misses you. The gnoll hits you but does no damage.
You shoot an arrow. The arrow hits the orc!
The arrow burns the orc.
You kill the orc!
Okawaru accepts your kill.
The orc warrior hits you but does no damage.
The gnoll closely misses you.
You shoot an arrow.
The arrow hits the orc warrior but does no damage.
The orc warrior is heavily wounded.
The orc warrior hits you from afar with a +0 trident!
You die...

#..# .. #.## ..
#.# ... #.# #.#
#.# ####.#.# #.#
....# {#######.
#.#
.#.#.###og.ggg.g
#.###..# #.#.)#
#.[...# #.#@#
####.## ##).#
##.## ##.#.#
#..###..#.#
###.#.....#
##.###### ###


You could see an orc warrior and a gnoll.

Vanquished Creatures
  Eustachio (D:5)
  A water moccasin (D:6)
  2 ice beasts (D:6)
  2 ogres
  A scorpion (D:4)
  3 killer bees (D:5)
  3 howler monkeys (D:7)
  4 orc priests
  4 hounds (D:5)
  A sleepcap (D:5)
  3 iguanas
  Natasha (thrice) (D:4)
  2 orc wizards (D:3)
  Robin (D:2)
  4 adders
  12 gnolls
  A shadow imp (D:6)
  2 white imps (D:6)
  2 ufetubi
  A worm (D:2)
  4 dart slugs
  18 orcs
  7 endoplasms
  2 giant cockroaches
  14 goblins
  8 hobgoblins
  3 jackals (D:1)
  5 kobolds
  4 quokkas
  5 ball pythons
  2 bats (D:2)
  6 frilled lizards
  5 rats
136 creatures vanquished.

Vanquished Creatures (others)
  An orc wizard (D:5)
1 creature vanquished.

Grand Total: 137 creatures vanquished

Notes
Turn   | Place    | Note
-------+----------+-------------------------------------------
     0 | D:1      | qw the Deep Elf Hunter began the quest for the Orb.
     0 | D:1      | Reached XP level 1. HP: 12/12 MP: 3/3
     0 | D:1      | 0 ||| qw: Version: 0.3-a-9-g12657ce
     0 | D:1      | 0 ||| qw: Game counter: 4547
     0 | D:1      | 0 ||| qw: Always use a shield: true
     0 | D:1      | 0 ||| qw: God list: Okawaru
     0 | D:1      | 0 ||| qw: Allow faded altars: false
     0 | D:1      | 0 ||| qw: Do Orc after D:15 true
     0 | D:1      | 0 ||| qw: Do second Lair branch before Depths: true
     0 | D:1      | 0 ||| qw: Lair rune preference: random
     0 | D:1      | 0 ||| qw: Plans: Normal
     0 | D:1      | 0 ||| PLANNING D:1-11
   171 | D:1      | Reached skill level 6 in Ranged Weapons
   171 | D:1      | Reached XP level 2. HP: 16/16 MP: 4/4
   252 | D:1      | Found Vebueph's Book Emporium.
   783 | D:1      | 783 ||| UPGRADING to +0 ring mail.
   793 | D:1      | 793 ||| DROPPING +0 leather armour.
   794 | D:1      | 794 ||| READING 2 scrolls labelled LOREM YRIECHYWIUSM.
   795 | D:1      | 795 ||| READING scroll labelled TIMNUP ORUIJOLEY.
   796 | D:1      | 796 ||| READING scroll labelled DUOTOPL OGOFE.
   797 | D:1      | 797 ||| DROPPING scroll of butterflies.
   819 | D:2      | Found a faded altar of an unknown god.
   935 | D:2      | Reached XP level 3. HP: 20/20 MP: 5/5
  1218 | D:2      | Noticed Robin
  1220 | D:2      | 1220 ||| Stepping ~*~*~tactically~*~*~ (outnumbered).
  1232 | D:2      | Killed Robin
  1233 | D:2      | Reached skill level 7 in Ranged Weapons
  1237 | D:2      | HP: 5/20 [goblin/+0 dagger[Robin] (2)]
  1550 | D:2      | 1550 ||| UPGRADING to +1 pair of boots.
  1555 | D:2      | 1555 ||| UPGRADING to +0 helmet.
  1560 | D:2      | 1560 ||| UPGRADING to amulet of the acrobat.
  1565 | D:2      | 1565 ||| DROPPING ring of magical power.
  1566 | D:2      | 1566 ||| READING scroll labelled WAWNIKH YNWOHI.
  1567 | D:2      | 1567 ||| READING scroll labelled RIRINEQERI.
  1568 | D:2      | 1568 ||| DRINKING 2 fizzy brown potions.
  1570 | D:2      | 1570 ||| Stepping ~*~*~tactically~*~*~ (cloud).
  1573 | D:2      | HP: 5/20 [poisoned by you (poison gas)]
  1675 | D:3      | Reached XP level 4. HP: 25/25 MP: 6/6
  1707 | D:3      | HP: 4/25 [orc priest/divine providence (11)]
  1708 | D:3      | 1708 ||| DRINKING potion of heal wounds.
  1711 | D:3      | Reached skill level 8 in Ranged Weapons
  1763 | D:3      | Reached XP level 5. HP: 29/29 MP: 7/7
  1894 | D:3      | Found Zomil's Distillery.
  1897 | D:3      | 1897 ||| BUYING potion of curing (39 gold).
  1897 | D:3      | Bought a potion of curing for 39 gold pieces
  1897 | D:3      | 1897 ||| BUYING potion of curing (39 gold).
  1897 | D:3      | Bought a potion of curing for 39 gold pieces
  1897 | D:3      | 1897 ||| SHOPLISTING potion of heal wounds (65 gold, have
                  | 20).
  2079 | D:3      | Reached skill level 9 in Ranged Weapons
  2688 | D:3      | 2688 ||| UPGRADING to +4 scale mail.
  2698 | D:3      | 2698 ||| DROPPING +0 ring mail.
  2699 | D:3      | 2699 ||| DROPPING amulet of magic regeneration.
  2700 | D:3      | 2700 ||| UPGRADING to ring of positive energy.
  2701 | D:3      | 2701 ||| READING scroll labelled CAWOEGRAFE.
  2702 | D:3      | 2702 ||| READING 2 scrolls labelled HOZA RADUBLECS.
  2703 | D:3      | 2703 ||| READING scroll labelled SAKKEFA PUKESO.
  2708 | D:3      | 2708 ||| DRINKING 2 clear potions.
  2709 | D:3      | 2709 ||| READING 2 scrolls of identify.
  2709 | D:3      | 2709 ||| IDENTIFYING bubbling emerald potion
  2710 | D:3      | 2710 ||| DROPPING scroll of fear.
  2734 | D:4      | Noticed Natasha
  2739 | D:4      | Reached skill level 1 in Armour
  2739 | D:4      | Reached XP level 6. HP: 29/35 MP: 8/8
  2740 | D:4      | Killed Natasha
  2778 | D:4      | Reached skill level 10 in Ranged Weapons
  2813 | D:4      | Noticed Natasha
  2814 | D:4      | 2814 ||| FLEEEEING.
  2821 | D:4      | 2821 ||| STAIRDANCE
  2959 | D:4      | 2959 ||| FLEEEEING.
  2964 | D:4      | Killed Natasha
  3229 | D:4      | Noticed Natasha
  3234 | D:4      | Killed Natasha
  3244 | D:4      | Reached XP level 7. HP: 19/40 MP: 9/9
  3701 | D:4      | 3701 ||| READING scroll labelled TIH CEKIBBIEMUENG.
  3702 | D:4      | 3702 ||| READING 2 scrolls of identify.
  3702 | D:4      | 3702 ||| IDENTIFYING fuming brown potion
  3703 | D:4      | 3703 ||| DROPPING potion of magic.
  3720 | D:5      | Entered Level 5 of the Dungeon
  3730 | D:5      | Reached skill level 11 in Ranged Weapons
  3743 | D:5      | Noticed Eustachio
  3749 | D:5      | Killed Eustachio
  3924 | D:5      | Found a staircase to the Ecumenical Temple.
  3925 | D:5      | 3925 ||| PLANNING TEMPLE
  3925 | D:5      | 3925 ||| UPGRADING to amulet of faith.
  3935 | D:5      | 3935 ||| DROPPING +6 ring of intelligence.
  3936 | D:5      | 3936 ||| READING scroll labelled GYAROL CELAAN.
  3943 | D:5      | 3943 ||| Stepping ~*~*~tactically~*~*~ (outnumbered).
  3944 | D:5      | 3944 ||| Stepping ~*~*~tactically~*~*~ (outnumbered).
  3946 | D:5      | 3946 ||| DRINKING 3 potions of curing.
  3946 | D:5      | 3946 ||| (to cure confusion)
  3947 | D:5      | 3947 ||| Stepping ~*~*~tactically~*~*~ (outnumbered).
  3959 | D:5      | Reached skill level 12 in Ranged Weapons
  4029 | Temple   | Entered the Ecumenical Temple
  4030 | Temple   | 4030 ||| PLANNING OKAWARU WORSHIP
  4071 | Temple   | Became a worshipper of Warmaster Okawaru
  4072 | Temple   | 4072 ||| PLANNING D:1-11
  4101 | D:5      | Reached XP level 8. HP: 41/45 MP: 10/10
  4227 | D:5      | Reached skill level 3 in Fighting
  4424 | D:5      | Identified the +1 long sword of Kismet {flame, rF+ Dex-5
                  | SInv}
  4544 | D:5      | 4544 ||| READING scroll labelled UFYCAISCH QUQOKK.
  4545 | D:5      | 4545 ||| READING 2 scrolls of identify.
  4545 | D:5      | 4545 ||| IDENTIFYING murky pink potion
  4546 | D:5      | 4546 ||| DROPPING potion of degeneration.
  4560 | D:6      | 4560 ||| PLANNING OSSUARY
  4590 | D:6      | 4590 ||| READING scroll of enchant armour.
  4590 | D:6      | 4590 ||| ENCHANTING +0 helmet.
  4611 | D:6      | Found a sand-covered staircase.
  4707 | D:6      | Reached skill level 13 in Ranged Weapons
  4750 | D:6      | 4750 ||| READING scroll of enchant armour.
  4750 | D:6      | 4750 ||| ENCHANTING +1 helmet.
  4768 | D:6      | Found a glowing golden altar of the Shining One.
  4821 | D:6      | Found a hazy altar of Hepliaklqana.
  4989 | D:6      | Reached * piety under Okawaru
  5092 | D:6      | 5092 ||| RIP OSSUARY
  5092 | D:6      | 5092 ||| PLANNING D:1-11
  5092 | D:6      | 5092 ||| UPGRADING to +0 pair of gloves.
  5097 | D:6      | 5097 ||| DROPPING scarf of shadows.
  5098 | D:6      | 5098 ||| READING scroll labelled IHEEFA TOPSAMUKK.
  5164 | D:7      | Reached skill level 1 in Invocations
  5169 | D:7      | 5169 ||| INVOKING Heroism.
  5170 | D:7      | 5170 ||| INVOKING Heroism.
  5175 | D:7      | 5175 ||| Stepping ~*~*~tactically~*~*~ (outnumbered).
  5182 | D:7      | 5182 ||| INVOKING Heroism.
  5197 | D:7      | 5197 ||| INVOKING Heroism.
  5197 | D:7      | HP: 9/46 [orc warrior/+0 trident (5)]
  5198 | D:7      | 5198 ||| READING scroll of teleportation.
  5202 | D:7      | Slain by an orc warrior

Levels and vault maps discovered:
D:1:      lightli_arrival_noodles, layout_basic, serial_shops,
          nicolae_shop_real_fake_doors, chequers_decorated_corner
D:2:      layout_loops_ring, shapermc_ecumenical_altar_starsandcircs, uniq_robin
D:3:      layout_loops_corners, serial_shops, nicolae_shop_behind_doors
D:4:      layout_layer_cave, uniq_natasha
D:5:      layout_cave_pools, minmay_temple_entry_mini_moons, uniq_eustachio
D:6:      layout_rooms, mainiacjoe_overflow_surrounded_room,
          kennysheep_little_box, nicolae_ossuary_entry_false_entrances
D:7:      layout_loops_cross, kennysheep_generic_room_6, uniq_menkaure,
          uniq_maggie
Temple:   hellmonk_temple_of_storms

Skill      XL: |  1  2  3  4  5  6  7  8 |
---------------+-------------------------+-----
Ranged Weapons | 6 7 8 9 10 12 13 | 13.3
Fighting       | 2 3 |  3.0
Armour         | 1 2 |  2.1
Dodging        | 4 |  4.1
Invocations    | 2 |  2.1
Stealth        | |  1.2

Action                     |  1- 3 |  4- 6 |  7- 9 || total
---------------------------+-------+-------+-------++-------
   Fire: Shortbow          |    97 |   154 |   207 ||   458
 Invoke: Heroism           |       |       |     3 ||     3
    Use: Scroll            |     5 |     4 |     9 ||    18
         Potion            |     1 |     2 |     1 ||     4
 Armour: Leather armour    |     1 |       |       ||     1
         Ring mail         |    13 |    11 |       ||    24
         Scale mail        |       |    16 |    80 ||    96
  Dodge: Dodged            |    10 |    34 |   106 ||   150

Table legend:
 A = Non-vault XP
 B = Vault XP
 C = Vault XP percentage of total XP
 D = Non-vault monster count
 E = Vault monster count
 F = Vault count percentage of total count
                 A         B        C        D         E       F
            +---------+---------+-------+---------+---------+-------
      Total |    2143 |     251 |  10.5 |     122 |      14 |  10.3
            +---------+---------+-------+---------+---------+-------
        D:1 |      33 |       0 |   0.0 |      16 |       0 |   0.0
        D:2 |      28 |      34 |  54.8 |      15 |      12 |  44.4
        D:3 |     263 |       0 |   0.0 |      31 |       0 |   0.0
        D:4 |     438 |      35 |   7.4 |      25 |       1 |   3.8
        D:5 |     664 |     182 |  21.5 |      19 |       1 |   5.0
        D:6 |     451 |       0 |   0.0 |       7 |       0 |   0.0
        D:7 |     266 |       0 |   0.0 |       9 |       0 |   0.0
            +---------+---------+-------+---------+---------+-------
